 Dungeon Crawl Stone Soup version 0.21.1-1-g345015f (webtiles) character file.

5033 Galewin the Severer (level 10, -3/115 HPs)
             Began as a Minotaur Berserker on Mar 29, 2018.
             Was a High Priest of Trog.
             Slain by a two-headed ogre
             ... wielding a +0 giant club
              (21 damage)
             ... on level 10 of the Dungeon.
             The game lasted 00:17:53 (7911 turns).

Galewin the Severer (Minotaur Berserker)            Turns: 7911, Time: 00:17:54

Health: -3/115     AC:  5    Str: 29    XL:     10   Next: 30%
Magic:  9/9        EV: 14    Int:  4    God:    Trog [*****.]
Gold:   480        SH:  0    Dex: 11    Spells: 9/9 levels left

rFire    . . .     SeeInvis +   A - +0 war axe
rCold    . . .     Gourm    .   (no shield)
rNeg     . . .     Faith    .   h - +0 ring mail
rPois    .         Spirit   .   (helmet restricted)
rElec    .         Reflect  .   (no cloak)
rCorr    .         Harm     .   (no gloves)
MR       .....                  (no boots)
Stlth    ..........             (no amulet)
HPRegen  0.29/turn              k - ring of see invisible
MPRegen  0.11/turn              w - +3 ring of evasion

@: berserking, very quick
A: retaliatory headbutt, horns 2
a: Berserk, Trog's Hand, Brothers in Arms, Burn Spellbooks, Renounce Religion


You were on level 10 of the Dungeon.
You worshipped Trog.
Trog was extremely pleased with you.
You were hungry.

You visited 1 branch of the dungeon, and saw 10 of its levels.
You also visited: Sewer and Ossuary.

You collected 480 gold pieces.

Inventory:

Hand Weapons
 A - a +0 war axe (weapon)
Armour
 h - a +0 ring mail (worn)
Jewellery
 k - a ring of see invisible (left hand)
 r - an uncursed ring of stealth
 w - a +3 ring of evasion (right hand)
 D - an uncursed ring of ice
 H - an uncursed ring of positive energy
 I - a cursed ring of teleportation {unknown}
Wands
 l - a wand of acid (5)
 s - a wand of paralysis (24)
 x - a wand of disintegration (13)
 B - a wand of iceblast (23)
 G - a wand of flame (30)
Scrolls
 a - 3 scrolls of fog {unknown}
 f - 5 scrolls of teleportation {unknown}
 n - 7 scrolls of remove curse
 o - 4 scrolls of enchant weapon
 t - 5 scrolls of fear {unknown}
 u - 10 scrolls of identify
 y - 2 scrolls of enchant armour {unknown}
 C - a scroll of magic mapping {unknown}
 F - a scroll of summoning {unknown}
Potions
 b - 2 potions of heal wounds {unknown}
 d - 3 potions of ambrosia {unknown}
 e - a potion of mutation {unknown}
 g - 2 potions of degeneration {unknown}
 i - 2 potions of might {unknown}
 j - 4 potions of brilliance {unknown}
 m - 3 potions of curing {unknown}
 p - 2 potions of invisibility {unknown}
 q - a potion of berserk rage {unknown}
 v - 2 potions of agility {unknown}
 z - 3 potions of flight {unknown}
 E - 3 potions of magic {unknown}
 J - 2 potions of haste {unknown}
Books
 K - a book of Clouds

   Spells                             Type                      Level
   a - Poisonous Vapours              Poison/Air                   2
   b - Mephitic Cloud                 Conjuration/Poison/Air       3
   c - Conjure Flame                  Conjuration/Fire             3
   d - Freezing Cloud                 Conjuration/Ice/Air          6
   e - Ring of Flames                 Charms/Fire                  7
   Trog disapproves of the use of such an item.
Comestibles
 c - 8 rations


   Skills:
 - Level 3.6 Fighting
 * Level 17.1 Axes
 - Level 2.4 Armour
 - Level 2.1 Dodging


You had 9 spell levels left.
You didn't know any spells.

Dungeon Overview and Level Annotations

Branches:
Dungeon (10/15)            Temple (0/1) D:5
   Lair: D:8-11         Orc: D:9-12

Altars:
Cheibriados
Kikubaaqudgha
Okawaru

Shops:
D:4 [   D:8 (


Innate Abilities, Weirdness & Mutations

You reflexively headbutt those who attack you in melee.
You have a pair of horns on your head.


Message History

The two-headed ogre is severely wounded.
You hit the two-headed ogre but do no damage.
The two-headed ogre is severely wounded.
The two-headed ogre completely misses you.
The two-headed ogre closely misses you.
A red film seems to cover your vision as you go berserk!
You feel yourself moving faster!
You feel mighty!
You are feeling hungry.
You slash the two-headed ogre!
The two-headed ogre is severely wounded.
The two-headed ogre hits you with a giant club!! x2
* * * LOW HITPOINT WARNING * * *
You closely miss the two-headed ogre.
The two-headed ogre is severely wounded.
You hit the two-headed ogre.
The two-headed ogre is almost dead.
You hit the two-headed ogre.
The two-headed ogre is almost dead.
The two-headed ogre hits you with a giant club!!
You die...

..............#
..≈≈≈≈≈≈≈≈≈≈≈≈####
..≈≈≈≈≈≈≈≈≈≈≈≈≈≈≈≈
..≈≈≈≈≈≈≈≈≈≈≈≈≈≈≈≈
..................
.....................
.......O..............
.......@...............
.......)...............
.....###................
#### #................
#.........).....
#...............
######.......# #.......#
#.......#


You could see a two-headed ogre.

Vanquished Creatures
  A two-headed ogre (D:9)
  The ghost of wojtek the Chopper, an amateur MiFi (D:4)
  2 hippogriffs (D:7)
  Sigmund (D:2)
  A hungry ghost (D:9)
  2 wargs (D:10)
  Duvessa (D:5)
  2 sky beasts
  Purgy (Sewer)
  2 orc warriors (D:8)
  3 ice beasts
  4 ogres
  The ghost of GenChuck the Grave Robber, an amateur DsNe (D:3)
  A centaur (D:7)
  A big kobold (D:8)
  A bullfrog (D:9)
  Dowan (D:5)
  3 water moccasin zombies
  A scorpion (D:4)
  5 killer bees (D:7)
  2 crimson imps
  A centaur zombie (D:9)
  4 hounds
  A jelly (D:9)
  2 orc priests
  6 orc wizards
  2 bullfrog skeletons
  Terence (D:2)
  4 iguanas
  3 worker ants
  4 big kobold zombies (Ossuary)
  A howler monkey zombie (D:9)
  2 mummies (Ossuary)
  2 worker ant zombies
  10 gnolls
  A howler monkey skeleton (D:6)
  8 adders
  A river rat (D:5)
  A shadow imp (D:9)
  5 adder zombies (Ossuary)
  5 worms (D:2)
  2 dart slugs
  A leopard gecko (D:1)
  25 orcs
  A ball python (D:1)
  14 bats
  6 giant cockroaches
  4 gnoll zombies (Ossuary)
  7 goblins
  16 hobgoblins
  6 jackals
  13 kobolds
  A quokka (D:5)
  3 frilled lizards
  A giant cockroach zombie (D:5)
  3 hobgoblin zombies (Ossuary)
  7 kobold zombies (Ossuary)
  8 orc zombies (Ossuary)
  A quokka zombie (D:7)
  14 rats
234 creatures vanquished.

Vanquished Creatures (collateral kills)
  2 wargs (D:10)
2 creatures vanquished.

Grand Total: 236 creatures vanquished

Notes
Turn   | Place    | Note
-------+----------+-------------------------------------------
     0 | D:1      | Galewin the Minotaur Berserker began the quest for the Orb.
     0 | D:1      | Reached XP level 1. HP: 19/19 MP: 0/0
    17 | D:1      | Reached skill level 4 in Axes
    61 | D:1      | Reached XP level 2. HP: 18/26 MP: 1/1
   273 | D:1      | Reached skill level 5 in Axes
   313 | D:1      | Reached XP level 3. HP: 26/31 MP: 2/2
   422 | D:1      | Reached ** piety under Trog
   641 | D:2      | Noticed Sigmund
   645 | D:2      | Killed Sigmund
   645 | D:2      | Reached skill level 7 in Axes
   645 | D:2      | Reached XP level 4. HP: 32/39 MP: 3/3
   645 | D:2      | Reached XP level 5. HP: 37/45 MP: 4/4
   889 | D:2      | Reached skill level 8 in Axes
   914 | D:2      | Noticed Terence
   918 | D:2      | Killed Terence
   918 | D:2      | Reached XP level 6. HP: 28/51 MP: 5/5
  1595 | D:3      | Found an ancient bone altar of Kikubaaqudgha.
  1714 | D:3      | Reached *** piety under Trog
  1718 | D:3      | Noticed GenChuck's ghost (amateur DsNe)
  1730 | D:3      | Killed GenChuck's ghost
  1730 | D:3      | Reached skill level 9 in Axes
  1754 | D:3      | Found an iron altar of Okawaru.
  2144 | D:4      | Reached XP level 7. HP: 57/57 MP: 6/6
  2169 | D:4      | Reached skill level 10 in Axes
  2265 | D:4      | Found Suats's Armour Emporium.
  2363 | D:4      | Noticed wojtek's ghost (amateur MiFi)
  2375 | D:4      | Killed wojtek's ghost
  2375 | D:4      | Reached skill level 11 in Axes
  2765 | D:5      | Entered Level 5 of the Dungeon
  2793 | D:5      | Reached XP level 8. HP: 59/64 MP: 7/7
  2795 | D:5      | Found a glowing drain.
  2825 | Sewer    | Entered a sewer
  2831 | Sewer    | Noticed Purgy
  2839 | Sewer    | Killed Purgy
  3031 | D:5      | Found a staircase to the Ecumenical Temple.
  3119 | D:5      | Noticed Dowan
  3121 | D:5      | Noticed Duvessa
  3127 | D:5      | Killed Duvessa
  3127 | D:5      | Reached skill level 12 in Axes
  3132 | D:5      | Killed Dowan
  3577 | D:5      | Reached **** piety under Trog
  4719 | D:7      | Noticed a hippogriff
  4724 | D:7      | Killed a hippogriff
  4724 | D:7      | Reached skill level 13 in Axes
  4943 | D:7      | You fall through a shaft!
  4963 | D:8      | Found a sand-covered staircase.
  4967 | Ossuary  | Entered an ossuary
  5056 | Ossuary  | Received a gift from Trog
  5270 | Ossuary  | Reached XP level 9. HP: 68/70 MP: 8/8
  5360 | D:8      | Reached skill level 14 in Axes
  6121 | D:7      | Reached skill level 15 in Axes
  6409 | D:8      | Reached ***** piety under Trog
  6745 | D:8      | Found Unkoseij's Antique Weapon Shoppe.
  6915 | D:9      | Noticed a two-headed ogre
  6921 | D:9      | Reached skill level 16 in Axes
  6924 | D:9      | Killed a two-headed ogre
  6924 | D:9      | Reached XP level 10. HP: 77/77 MP: 9/9
  7308 | D:9      | Found a snail-covered altar of Cheibriados.
  7598 | D:10     | Entered Level 10 of the Dungeon
  7624 | D:10     | Reached skill level 17 in Axes
  7900 | D:10     | Noticed a two-headed ogre
  7911 | D:10     | Slain by a two-headed ogre

Skill      XL: |  1  2  3  4  5  6  7  8  9 10 |
---------------+-------------------------------+-----
Axes           | 4 5 7 8 9 11 13 16 17 | 17.1
Fighting       | |  3.6
Armour         | |  2.4
Dodging        | |  2.1

Action                   |  1- 3 |  4- 6 |  7- 9 | 10-12 || total
-------------------------+-------+-------+-------+-------++-------
Melee: Hand axe          |    62 |   112 |    75 |       ||   249
       Headbutt          |    10 |    19 |    57 |     9 ||    95
       War axe           |       |       |   225 |    60 ||   285
Invok: Berserk           |     1 |     4 |     9 |     3 ||    17
       Trog's Hand       |       |     1 |       |       ||     1
       Burn Spellbooks   |       |       |     1 |     1 ||     2
       Brothers in Arms  |       |       |       |     1 ||     1
  Use: Scroll            |       |     8 |     3 |       ||    11
 Stab: Sleeping          |       |     1 |     5 |       ||     6
  Eat: Chunk             |       |     9 |    14 |     1 ||    24
       Ration            |       |       |     3 |     1 ||     4
Armor: Animal skin       |     3 |       |       |       ||     3
       Ring mail         |     8 |    26 |    57 |     3 ||    94
Dodge: Dodged            |    44 |    69 |   125 |    31 ||   269
